 Dungeon Sprint DCSS version 0.20-b1 (webtiles) character file.

7489 potatolord6000 the Fighter (level 10, -4/92 HPs)
             Began as a Demonspawn Gladiator on May 19, 2017.
             Was an Initiate of Gozag.
             Slain by a dire elephant (27 damage)
             ... in the Dungeon (Sprint IX: "|||||||||||||||||||||||||||||").
             The game lasted 00:05:42 (1484 turns).

potatolord6000 the Fighter (Demonspawn Gladiator)   Turns: 1484, Time: 00:05:42

Health: -4/92      AC: 12    Str: 23    XL:     10   Next: 94%
Magic:  0/10       EV: 21    Int:  9    God:    Gozag
Gold:   781        SH:  4    Dex: 15    Spells: 9/9 levels left

rFire    . . .     SeeInvis .   c - +2 scimitar (elec)
rCold    . . .     Gourm    .   (no shield)
rNeg     . . .     Faith    .   f - +2 robe of Vines {NoPotionHeal Regen+7}
rPois    .         Spirit   +   (helmet unavailable)
rElec    .         Reflect  .   a - +0 cloak
rCorr    .         Harm     .   e - +2 pair of gloves of Cienk {MR+ Str+2}
MR       +....     NoTele   +   (no boots)
Stlth    +.........             (no amulet)
Regen    3.1/turn               b - +2 ring of protection
MPRegen  0.2/turn               n - +3 ring of strength

@: gold aura
A: horns 3, large bone plates 1, powered by pain 1, magic shield
a: Potion Petition, Call Merchant, Bribe Branch, Renounce Religion


You were in the Dungeon.
You worshipped Gozag.
Gozag was pleased with you.
You were not hungry.

You visited 1 branch You collected 2929 gold pieces.
You spent 1558 gold pieces at shops.
You paid 590 gold pieces to Gozag.

Inventory:

Hand Weapons
 c - a +2 scimitar of electrocution (weapon)
Armour
 a - a +0 cloak (worn)
 e - the +2 pair of gloves of Cienk (worn) {MR+ Str+2}
   (You bought it in a shop in the Dungeon)

   It affects your strength (+2).
   It affects your resistance to hostile enchantments.
 f - the +2 robe of Vines (worn) {NoPotionHeal Regen+7}
   (You bought it in a shop in the Dungeon)

   It increases your rate of regeneration.
Jewellery
 b - a +2 ring of protection (left hand)
 n - a +3 ring of strength (right hand)
Scrolls
 h - 4 scrolls of remove curse
 k - 2 scrolls of blinking
 l - 2 scrolls of amnesia
 q - 5 scrolls of identify
 r - a scroll of fear
Potions
 d - a potion of invisibility
 g - 4 potions of curing
 i - 4 potions of magic
 j - 2 potions of heal wounds
 o - 2 potions of might
 p - a potion of agility


   Skills:
 + Level 13.2 Fighting
 + Level 12.4 Long Blades
 - Level 1.7 Throwing
 + Level 12.2 Armour
 + Level 12.5 Dodging


You had 9 spell levels left.
You didn't know any spells.

Dungeon Overview and Level Annotations

Branches:
Dungeon (1/1)

Altars:
Cheibriados
Dithmenos
Elyvilon
Fedhas
Gozag
Hepliaklqana
Kikubaaqudgha
Makhleb
Nemelex Xobeh
Okawaru
Qazlal
Ru
Sif Muna
Trog
Uskayaw
Vehumet
Xom
Yredelemnul
Zin
The Shining One
Beogh
Jiyva
Lugonu

Shops:
D [


Innate Abilities, Weirdness & Mutations

You have a pair of large horns on your head.
You are partially covered in large bone plates. (SH +4)
You sometimes gain a little power by taking damage.
When hurt, damage is shared between your health and your magic reserves.


Message History

You see here 207 gold pieces.
You slash the dire elephant!
Lightning courses through the dire elephant!
You headbutt the dire elephant.
The dire elephant is heavily wounded.
The elephant is no longer distracted by gold.
The dire elephant tramples you!!
You stumble backwards!
The elephant is distracted by the nearby gold.
The elephant trumpets!
You hit the dire elephant.
Lightning courses through the dire elephant!
The dire elephant is severely wounded.
The dire elephant tramples you!!
* * * LOW HITPOINT WARNING * * *
You stumble backwards!
You slash the dire elephant! You headbutt the dire elephant.
The dire elephant is almost dead.
The dire elephant tramples you!!
You die...
Your body crumbles into a pile of gold.

▓_▓.▓.▓
$
▓_▓.▓'▓
$
▓_▓.▓.▓
$
▓_▓.▓.▓
$
▓_▓.▓.▓
$
▓_▓.▓.▓
$
▓.▓.▓.▓
$
▓_▓.▓.▓
$
▓_▓.▓@▓
$
▓_▓.▓Y▓
$
▓_▓.▓Y▓
▓'▓.▓$▓
$
▓.▓.▓Y▓
$
▓.▓.▓Y▓
$
▓/▓.▓.▓
$
▓(▓.▓.▓
$
▓.▓.▓Y▓


You could see 2 dire elephants and 2 elephants.

Vanquished Creatures
  A dire elephant (D)
  2 two-headed ogres (D)
  Urug (D)
  An unseen horror (D)
  An ugly thing (D)
  An elephant (D)
  2 spiny frogs (D)
  3 komodo dragons (D)
  3 yaks (D)
  A wyvern (D)
  4 water moccasins (D)
  4 porcupines (D)
  A black bear (D)
  An orc warrior (D)
  A necrophage (D)
  An ogre (D)
  A wolf (D)
  A centaur (D)
  2 crocodiles (D)
  A bullfrog (D)
  A hound (D)
  2 worker ants (D)
  A leopard gecko (D)
  3 giant cockroaches (D)
  A goblin (D)
  A bat (D)
  A rat (D)
43 creatures vanquished.

Notes
Turn   | Place    | Note
-------+----------+-------------------------------------------
     0 | D        | potatolord6000 the Demonspawn Gladiator began the quest for the Orb.
     0 | D        | Reached XP level 1. HP: 16/16 MP: 1/1
     8 | D        | Reached skill level 1 in Armour
    16 | D        | Noticed an ogre
    16 | D        | Noticed a worker ant
    16 | D        | Noticed a necrophage
    31 | D        | Killed an ogre
    31 | D        | Reached skill level 4 in Fighting
    31 | D        | Gained mutation: You have a pair of small horns on your head. [demonic ancestry]
    31 | D        | Reached XP level 2. HP: 3/26 MP: 2/2
    31 | D        | Gained mutation: You have a pair of horns on your head. [demonic ancestry]
    31 | D        | Reached XP level 3. HP: 4/31 MP: 3/3
    31 | D        | Gained mutation: You sometimes gain a little power by taking damage. [demonic ancestry]
    31 | D        | Reached XP level 4. HP: 5/38 MP: 4/4
    40 | D        | Reached skill level 5 in Long Blades
    40 | D        | Reached skill level 5 in Dodging
    51 | D        | Killed a necrophage
    51 | D        | Reached skill level 6 in Fighting
    51 | D        | Reached skill level 5 in Armour
    51 | D        | Gained mutation: You are partially covered in large bone plates. (SH +4) [demonic ancestry]
    51 | D        | Reached XP level 5. HP: 7/44 MP: 5/5
    55 | D        | Found a roughly hewn altar of Beogh.
    55 | D        | Found a snail-covered altar of Cheibriados.
    55 | D        | Found a shadowy altar of Dithmenos.
    55 | D        | Found a white marble altar of Elyvilon.
    55 | D        | Found a blossoming altar of Fedhas.
    55 | D        | Found an opulent altar of Gozag.
    56 | D        | Found a hazy altar of Hepliaklqana.
    57 | D        | Found a viscous altar of Jiyva.
    58 | D        | Found an ancient bone altar of Kikubaaqudgha.
    59 | D        | Found a corrupted altar of Lugonu.
    60 | D        | Found a burning altar of Makhleb.
    61 | D        | Found a sparkling altar of Nemelex Xobeh.
    62 | D        | Found an iron altar of Okawaru.
    63 | D        | Became a worshipper of Gozag Ym Sagoz the Greedy
    64 | D        | Found a stormy altar of Qazlal.
    65 | D        | Found a sacrificial altar of Ru.
    66 | D        | Found a deep blue altar of Sif Muna.
    67 | D        | Found a bloodstained altar of Trog.
    68 | D        | Found a hide-covered altar of Uskayaw.
    69 | D        | Found a radiant altar of Vehumet.
    71 | D        | Found a shimmering altar of Xom.
    72 | D        | Found a basalt altar of Yredelemnul.
    73 | D        | Found a glowing silver altar of Zin.
    74 | D        | Found a glowing golden altar of the Shining One.
   438 | D        | Noticed a centaur
   438 | D        | Noticed a two-headed ogre
   438 | D        | Noticed a wyvern
   454 | D        | Killed an unseen horror
   454 | D        | Reached skill level 8 in Fighting
   454 | D        | Reached XP level 6. HP: 23/57 MP: 6/6
   454 | D        | Gained mutation: You have a pair of large horns on your head. [demonic ancestry]
   454 | D        | Reached XP level 7. HP: 25/63 MP: 7/7
   461 | D        | Killed a two-headed ogre
   461 | D        | Reached skill level 9 in Fighting
   461 | D        | Gained mutation: When hurt, damage is shared between your health and your magic reserves. [demonic ancestry]
   461 | D        | Reached XP level 8. HP: 20/71 MP: 8/8
   471 | D        | Reached skill level 10 in Fighting
   711 | D        | Noticed a cyan ugly thing
   711 | D        | Noticed a two-headed ogre
   721 | D        | Killed a cyan ugly thing
   721 | D        | Reached XP level 9. HP: 57/79 MP: 5/9
   726 | D        | Killed a two-headed ogre
   726 | D        | Reached skill level 11 in Fighting
   726 | D        | Reached skill level 10 in Long Blades
   726 | D        | Reached skill level 10 in Armour
   726 | D        | Reached skill level 10 in Dodging
   751 | D        | Bought the +2 pair of gloves of Cienk {MR+ Str+2} for 438 gold pieces
   768 | D        | Noticed Urug
   790 | D        | Killed Urug
  1025 | D        | Reached XP level 10. HP: 84/89 MP: 8/10
  1040 | D        | Reached skill level 12 in Fighting
  1186 | D        | Noticed a spiny frog
  1191 | D        | Noticed a spiny frog
  1208 | D        | Killed a spiny frog
  1210 | D        | Killed a spiny frog
  1342 | D        | Bought the +2 robe of Vines {NoPotionHeal Regen+7} for 1120 gold pieces
  1469 | D        | Noticed an elephant
  1469 | D        | Noticed an elephant
  1469 | D        | Noticed a dire elephant
  1469 | D        | Noticed an elephant
  1469 | D        | Noticed an elephant
  1469 | D        | Noticed a dire elephant
  1471 | D        | Noticed a dire elephant
  1471 | D        | Killed an elephant
  1480 | D        | Killed a dire elephant
  1480 | D        | Reached skill level 13 in Fighting
  1484 | D        | Slain by a dire elephant

Skill      XL: |  1  2  3  4  5  6  7  8  9 10 |
---------------+-------------------------------+-----
Long Blades    | 4 5 8 9 11 12 | 12.4
Dodging        | 4 5 8 9 11 12 | 12.5
Armour         | 3 5 7 8 9 10 12 | 12.2
Fighting       | 4 6 8 9 10 11 13 | 13.2
Throwing       | |  1.7

Action                   |  1- 3 |  4- 6 |  7- 9 | 10-12 || total
-------------------------+-------+-------+-------+-------++-------
Melee: Long sword        |    16 |    18 |       |       ||    34
       Scimitar          |       |    15 |    62 |    55 ||   132
       Headbutt          |       |     6 |    15 |    15 ||    36
Invok: Potion Petition   |       |       |     1 |       ||     1
       Call Merchant     |       |       |     1 |       ||     1
  Use: Potion            |     2 |     2 |     2 |       ||     6
  Eat: Bread ration      |       |       |       |     1 ||     1
Armor: Leather armour    |     1 |     4 |       |       ||     5
       Chain mail        |       |    14 |    11 |     8 ||    33
       Robe              |       |       |       |     1 ||     1
Dodge: Dodged            |    12 |     9 |    26 |    18 ||    65
Block: Other             |       |     1 |     6 |     5 ||    12
       Rpst.: Long sword |     3 |     2 |       |       ||     5
       Scimitar          |       |       |     7 |     8 ||    15
